 Dungeon Crawl Stone Soup version 0.28.0-45-g0d030f2227 (webtiles) character file.

Game seed: 12639886096042952894

42 nickcage the Cudgeller (level 3, -2/29 HPs)
             Began as a Formicid Fighter on Apr 5, 2022.
             Slain by an adder (4 damage)
             ... on level 2 of the Dungeon.
             The game lasted 00:02:08 (1154 turns).

nickcage the Cudgeller (Formicid Fighter)           Turns: 1154, Time: 00:02:09

Health: -2/29      AC:  6    Str: 22    XL:     3   Next: 80%
Magic:  3/3        EV:  9    Int:  7    God:
Gold:   20         SH:  4    Dex: 10    Spells: 2/2 levels left

rFire   . . .      SeeInvis +   a - +0 flail
rCold   . . .      Faith    .   c - +0 buckler
rNeg    . . .      Spirit   .   b - +0 scale mail
rPois   .          Reflect  .   (helmet unavailable)
rElec   .          Harm     .   (no cloak)
rCorr   .          Rampage  .   (no gloves)
Will    .....                   (no boots)
Stlth   ..........              (no amulet)
HPRegen 0.09/turn               (no ring)
MPRegen 0.08/turn               (no ring)

@: no status effects
A: permanent stasis, dig shafts and tunnels, antennae 3, four strong arms
a: Dig, Shaft Self


You were on level 2 of the Dungeon.
You visited 1 branch of the dungeon, and saw 2 of its levels.

You collected 20 gold pieces.

Inventory:

Hand Weapons
 a - a +0 flail (weapon)
Missiles
 m - 4 silver javelins (quivered)
Armour
 b - a +0 scale mail (worn)
 c - a +0 buckler (worn)
Scrolls
 e - a scroll of magic mapping {unknown}
 f - 2 scrolls of blinking {unknown}
 g - 2 scrolls of identify {unknown}
 j - 3 scrolls of vulnerability {unknown}
 k - a scroll of amnesia {unknown}
Potions
 d - a potion of might
 h - a potion of haste {unknown}
 i - 2 potions of degeneration {unknown}
 l - a potion of magic {unknown}


   Skills:
 - Level 3.2 Fighting
 + Level 3.8 Maces & Flails
 + Level 0.1 Throwing
 - Level 3.2 Armour
 - Level 3.6 Shields


You had 2 spell levels left.
You didn't know any spells.
Your spell library contained the following spells:

 Spells                   Type           Power      Damage    Failure   Level
 Ensorcelled Hibernation  Hex/Ice        0%         N/A       92%         2
 Passwall                 Tmut/Erth      0%         N/A       92%         2
 Swiftness                Air            Unusable   N/A       N/A         3

Dungeon Overview and Level Annotations

Branches:
Dungeon (2/15)

Altars:


Innate Abilities, Weirdness & Mutations

You cannot be hasted, slowed, berserked, paralysed or teleported.
You can dig through walls and to a lower floor.
You have a pair of large antennae on your head. (SInv)
Your four strong arms can wield two-handed weapons with a shield.


Message History

The adder poisons you!
You hit the adder.
The adder is lightly wounded.
You feel sick. The goblin hits you with a +0 dagger.
The adder bites you but does no damage. You block the goblin's attack.
You hit the adder.
The adder is moderately wounded.
You feel sick. The adder barely misses you. You block the adder's attack.
The goblin hits you with a +0 dagger.
You barely miss the adder.
The adder is moderately wounded.
You feel sick. The adder closely misses you. The goblin closely misses you.
You closely miss the adder.
The adder is moderately wounded.
You feel sick.
You are no longer poisoned.
The adder bites you but does no damage. The goblin hits you but does no damage.
The adder bites you but does no damage.
You are too injured to fight recklessly!
You closely miss the adder.
The adder is moderately wounded.
The adder bites you.
You are poisoned.
The adder poisons you! The goblin hits you with a +0 dagger.
* * * LOW HITPOINT WARNING * * *
The adder bites you.
* * * LOW HITPOINT WARNING * * *
You block the goblin's attack.
You miss the adder.
The adder is moderately wounded.
* * * LOW HITPOINT WARNING * * *
You feel sick. You block the adder's attack.
The goblin hits you but does no damage. The adder bites you but does no damage.
You feel sick.
You feel sick.
You feel sick.
You feel sick.
You are no longer poisoned.
The adder bites you.
You die...

.........### .......†...####
.........#....####### #.#...(.
............#........ .###.......
..................#.. ......)....
.........###........##...........
#####.#.#####...##...(.# #.......
#....##.[....# ##.# #$......
#.......#(#.@###..# #.S.....
..##...(.....Sg...#####......
####...##.........../.....
.......##.............?###
####..###.###............. ###
#.# #.#........##.
#.....#........# #..####!.##.####
... #..#..#


You could see an adder and a goblin.

Vanquished Creatures
  2 adders (D:2)
  2 dart slugs
  An endoplasm (D:1)
  A giant cockroach (D:1)
  2 goblins
  2 hobgoblins (D:1)
  3 jackals (D:1)
  A quokka (D:2)
  A ball python (D:2)
  A frilled lizard (D:1)
  A kobold (D:1)
  3 rats (D:1)
20 creatures vanquished.

Notes
Turn   | Place    | Note
-------+----------+-------------------------------------------
     0 | D:1      | nickcage the Formicid Fighter began the quest for the Orb.
     0 | D:1      | Reached XP level 1. HP: 18/18 MP: 1/1
   430 | D:1      | Found a faded altar of an unknown god.
   439 | D:1      | Reached XP level 2. HP: 22/24 MP: 2/2
   847 | D:2      | Reached XP level 3. HP: 29/29 MP: 3/3
  1154 | D:2      | Slain by an adder

Illustrated notes

Levels and vault maps discovered:
D:1:      grunt_arrival_crossed_arrows, layout_rooms,
          shapermc_ecumenical_altar_starsandcircs
D:2:      layout_rooms, uniq_crazy_yiuf_cottage

Skill      XL: |  1  2 |
---------------+-------+-----
Maces & Flails | 3 |  3.8
Fighting       | |  3.2
Throwing       | |  0.1
Armour         | |  3.2
Shields        | |  3.6

Action                   || total
-------------------------++-------
Melee: Flail             ||    71
Throw: Javelin           ||     3
Armor: Scale mail        ||    34
Dodge: Dodged            ||    36
Block: Buckler           ||    20
